 Dungeon Crawl Stone Soup version 0.20-a0-923-g548304e (webtiles) character file.

205968 nikopol the Severer (level 18, 0/163 HPs)
             Began as a Minotaur Berserker on Mar 25, 2017.
             Was the Champion of Trog.
             Slain by Mara (illusionary)
             ... wielding a +0 demon trident of venom
              (8 damage)
             ... on level 4 of the Snake Pit on Mar 26, 2017.
             The game lasted 02:27:03 (36126 turns).

nikopol the Severer (Minotaur Berserker)           Turns: 36126, Time: 02:27:03

Health: 0/163      AC: 34    Str: 31 (32) XL:     18   Next: 5%
Magic:  0/4        EV: 22    Int:  6 (7)  God:    Trog [******]
Gold:   3278       SH:  0    Dex: 24      Spells: 17/17 levels left

rFire    . . .     SeeInvis .   a - +4 battleaxe (antimagic)
rCold    . . .     Gourm    .   (shield currently unavailable)
rNeg     + + .     Faith    .   O - +12 chain mail of the Disturbing Ghosts {+Blink rN++ Int+3}
rPois    +         Spirit   +   K - +2 hat {MR+}
rElec    .         Reflect  .   Q - +2 cloak {rPois}
rCorr    .         Harm     .   X - +2 pair of gloves "Ekkiajie" {Str+4}
MR       ++...     Rnd*Rage +   s - +2 pair of boots of Parts Unknown {Regen+ Dex+3}
Stlth    ..........             v - amulet of guardian spirit
Regen    0.8/turn               S - +5 ring of dexterity
MPRegen  0.1/turn               e - +4 ring of strength

@: no status effects
A: retaliatory headbutt, horns 2, berserk 1, deformed body, deterioration 1, low
mp 2, poison resistance
}: 1/15 runes: decaying
a: Berserk, Trog's Hand, Brothers in Arms, Burn Spellbooks, Renounce Religion,
Evoke Blink


You were on level 4 of the Snake Pit.
You worshipped Trog.
Trog was exalted by your worship.
You were not hungry.

You visited 5 branches of the dungeon, and saw 31 of its levels.

You collected 3358 gold pieces.
You spent 80 gold pieces at shops.

Inventory:

Hand Weapons
 a - a +4 antimagic battleaxe (weapon)
 z - a +3 longbow of flaming
Missiles
 C - 543 arrows (quivered)
Armour
 s - the +2 pair of boots of Parts Unknown (worn) {Regen+ Dex+3}
   (You found it on level 2 of the Lair of Beasts)

   It affects your dexterity (+3).
   It increases your rate of regeneration.
 A - a +2 pair of boots of flying
 K - a +2 hat of magic resistance (worn)
 O - the +12 chain mail of the Disturbing Ghosts (worn) {+Blink rN++ Int+3}
   (You found it on level 8 of the Dungeon)

   It affects your intelligence (+3).
   It greatly protects you from negative energy.
   It lets you blink.
 Q - a +2 cloak of poison resistance (worn)
 X - the +2 pair of gloves "Ekkiajie" (worn) {Str+4}
   (You found it on level 2 of the Snake Pit)

   It affects your strength (+4).
Jewellery
 e - a +4 ring of strength (right hand)
 v - an amulet of guardian spirit (around neck)
 G - an uncursed ring of positive energy
 S - a +5 ring of dexterity (left hand)
 T - an uncursed ring of protection from cold
 Z - an uncursed ring of resist corrosion
Wands
 u - a wand of disintegration (24/24)
 F - a wand of confusion (28/48)
 M - a wand of digging (14/24)
Scrolls
 i - a scroll of silence {unknown}
 k - a scroll of summoning {unknown}
 l - 3 scrolls of enchant armour
 n - 7 scrolls of enchant weapon
 o - 14 scrolls of teleportation
 p - 5 scrolls of recharging
 q - 5 scrolls of fog
 r - 3 scrolls of magic mapping
 t - 14 scrolls of remove curse
 y - 3 scrolls of blinking
 D - 6 scrolls of fear
 N - a scroll of acquirement {unknown}
 U - 8 scrolls of identify
 V - a scroll of immolation {unknown}
Potions
 f - 6 potions of agility
 g - a potion of magic
 h - 5 potions of haste
 j - 5 potions of flight
 m - 7 potions of brilliance
 B - 4 potions of resistance
 E - 2 potions of might
 I - 13 potions of curing
 J - 5 potions of heal wounds
 P - 3 potions of invisibility
 R - 2 potions of cancellation
Comestibles
 b - 11 meat rations
 c - 19 bread rations
 d - 14 royal jellies
 w - 6 chunks of flesh
 x - 19 fruits


   Skills:
 + Level 15.4 Fighting
 * Level 19.9 Axes
 * Level 17.3 Bows
 + Level 15.9 Armour
 + Level 14.4 Dodging


You had 17 spell levels left.
You didn't know any spells.

Dungeon Overview and Level Annotations

Branches:
Dungeon (15/15)            Temple (0/1) D:6            Lair (6/6) D:9
  Swamp (4/4) Lair:4        Snake (4/4) Lair:2        Slime (0/5) Lair:5
    Orc (2/2) D:10            Elf (0/3) Orc:2        Vaults (0/5) D:14
 Depths (0/5) D:15

Altars:
Ashenzari
Cheibriados
Fedhas
Gozag
Kikubaaqudgha
Nemelex Xobeh
Qazlal
Sif Muna
Trog
Uskayaw
Wu Jian
Xom
Zin
The Shining One
Jiyva

Shops:
D:10 ((!}   D:15 !   Orc:2 :(%!   Snake:1 ?(   Snake:3 }

Portals:
Pandemonium: Orc:2

Annotations:
Snake:4 Mara


Innate Abilities, Weirdness & Mutations

You reflexively headbutt those who attack you in melee.
You have a pair of horns on your head.
You tend to lose your temper in combat.
Armour fits poorly on your strangely shaped body.
Your body sometimes deteriorates upon taking damage.
Your magical capacity is very low. (-20% MP)
Your system is resistant to poisons. (rPois)


Message History

You slice Mara!!
Mara's magic leaks into the air.
Your headbutt misses Mara.
Mara is lightly wounded.
You hit nikopol's illusion but do no damage.
Nikopol's illusion closely misses you. You furiously retaliate!
You headbutt nikopol's illusion, but do no damage.
Mara blinks!
You hit Mara.
Mara's magic leaks into the air.
You headbutt Mara.
Mara is lightly wounded.
You completely miss nikopol's illusion.
Nikopol's illusion hits you but does no damage.
Mara blinks!
Mara blinks!
Nikopol's illusion hits you!
You feel your power leaking away. Mara completely misses you.
Nikopol's illusion hits you!!
Your body deteriorates!
You feel dopey. Mara gestures at you. The bolt of fire hits you!
* * * LOW HITPOINT WARNING * * *
Mara hits you from afar with a demon trident of venom!
You die...

#......+ #..#......... #.....#
#..#..........# #.....#
#..#....<.....# #.....#
#..##.........#
#.....####..#..........#
#.R...(.....#)..R.....N ####
..@.#####.....##R#####'###.....
... ##.(...@...(.......(... (
#....@)R(.....(..((((.
#....(................ #.
#.###################. #. #.#
#. #.# #.####+#.# #.....<..#
#........# #........#


You could see 3 Maras and nikopol's illusion.

Vanquished Creatures
  Jorgrun (Swamp:2)
  Gastronok (Lair:1)
  2 thorn hunters
  Frances (Swamp:2)
  A sphinx (D:14)
  Roxanne (D:15)
  A nagaraja (Snake:3)
  Donald (Swamp:2)
  A frost giant (D:14)
  Louise (Swamp:1)
  Aizul (Snake:3)
  A war gargoyle (D:14)
  2 entropy weavers
  The ghost of StylePro the Cleaver, a journeyman DDFi of Makhleb (Lair:6)
  Nessos (D:15)
  A fire dragon (D:14)
  2 ettins
  Snorg (D:11)
  Josephine (D:11)
  Fannar (D:10)
  A yaktaur captain (D:15)
  4 vault guards (D:14)
  The ghost of Jano the Cleaver, a journeyman DsBe of Trog (Orc:2)
  22 hydras
  3 ghost crabs
  3 catoblepae (Lair:6)
  Erica (D:9)
  4 naga warriors
  4 anacondas
  5 centaur warriors
  5 two-headed ogres
  2 tengu warriors
  8 alligators
  A queen ant (Lair:3)
  Urug (D:14)
  5 naga sharpshooters
  10 death yaks
  6 orc high priests (Orc:2)
  4 shock serpents
  A soul eater (Orc:2)
  A sun demon (Orc:2)
  5 salamander mystics
  2 wizards
  A gelid demonspawn (Orc:2)
  A torturous demonspawn (Orc:2)
  3 spriggan druids
  4 unseen horrors
  9 swamp dragons
  A swamp dragon (shapeshifter) (D:14)
  4 naga ritualists
  A shambling mangrove (Swamp:1)
  A phantasmal warrior (D:14)
  6 orc knights
  Pikel (D:9)
  7 mana vipers
  5 orc sorcerers (Orc:2)
  5 deep elf magi
  4 oklob plants (Lair:2)
  5 cyclopes
  4 manticores
  2 slime creatures (D:13)
  11 ugly things
  15 salamanders
  4 elephants (Lair:4)
  The ghost of Malvoorn the Nimble, a novice TeMo of Kikubaaqudgha (D:6)
  5 naga magi
  Joseph (D:7)
  27 black mambas
  2 guardian serpents (Snake:2)
  2 gargoyles
  24 spiny frogs
  A kobold demonologist (D:12)
  7 komodo dragons
  4 yaktaurs (D:15)
  2 rime drakes
  4 tengu conjurers
  Prince Ribbit (D:6)
  2 tyrant leeches (Swamp:4)
  5 trolls
  A polar bear (Lair:4)
  12 hornets
  28 blink frogs
  4 bog bodies
  A hippogriff (shapeshifter) (D:13)
  15 hippogriffs
  Sigmund (D:4)
  2 shadows
  7 spriggans
  5 wraiths
  6 wyverns
  3 hogs (D:9)
  A water elemental (D:14)
  A ynoxinul (Orc:2)
  A human (D:9)
  49 yaks
  4 basilisks
  4 hungry ghosts
  Grum (D:9)
  A chaos spawn (Orc:2)
  A steam dragon (D:10)
  A neqoxec (Orc:2)
  9 vampire mosquitoes
  19 nagas
  4 wargs
  16 swamp worms
  6 insubstantial wisps
  3 acid dragons (D:14)
  11 water moccasins
  18 soldier ants
  9 porcupines
  36 orc warriors
  14 swamp drakes
  9 sky beasts
  2 hornet zombies
  6 ice beasts
  A phantom (D:5)
  A black bear (D:7)
  A black bear (shapeshifter) (D:15)
  A necrophage (D:8)
  6 wolves
  2 boggarts (D:14)
  11 centaurs
  18 ogres
  11 crocodiles
  A big kobold (D:8)
  20 bullfrogs
  A wyvern zombie (D:8)
  A gnoll sergeant (Orc:2)
  A wyvern skeleton (D:14)
  7 scorpions
  15 wights
  5 killer bees (D:11)
  4 electric eels
  6 howler monkeys
  2 vampire bats (D:7)
  7 crimson imps
  6 centaur zombies
  A quasit (D:6)
  A bullfrog zombie (D:5)
  6 hounds
  5 jellies
  13 orc wizards
  2 bullfrog skeletons
  21 orc priests
  Crazy Yiuf (D:7)
  4 centaur skeletons
  A gnoll shaman (D:9)
  4 iguanas
  31 worker ants
  A killer bee zombie (D:8)
  2 hound skeletons
  16 gnolls
  15 adders
  7 shadow imps
  3 adder skeletons
  3 worms
  4 dart slugs
  10 leopard geckos
  58 orcs
  2 bat skeletons (D:7)
  3 bat zombies (D:7)
  4 giant cockroaches
  6 goblins
  5 hobgoblins
  19 jackals
  5 quokkas
  18 bats
  7 frilled lizards
  A jackal skeleton (D:6)
  15 kobolds
  A leopard gecko skeleton (D:7)
  A quokka skeleton (D:3)
  6 rats
  4 fungi
  3 plants
1052 creatures vanquished.

Vanquished Creatures (collateral kills)
  3 wolves (Lair:2)
3 creatures vanquished.

Vanquished Creatures (others)
  A shambling mangrove (Swamp:3)
  A hornet (Swamp:3)
  A slave (D:9)
  An orc (D:9)
  2 briar patches (Swamp:4)
  5 fungi
  7 plants
18 creatures vanquished.

Grand Total: 1073 creatures vanquished

Notes
Turn   | Place    | Note
-------+----------+-------------------------------------------
     0 | D:1      | nikopol the Minotaur Berserker began the quest for the Orb.
     0 | D:1      | Reached XP level 1. HP: 19/19 MP: 0/0
    88 | D:1      | Reached XP level 2. HP: 26/27 MP: 1/1
   375 | D:1      | Reached skill level 4 in Axes
   581 | D:2      | Reached ** piety under Trog
   584 | D:2      | Reached XP level 3. HP: 33/33 MP: 2/2
  1202 | D:2      | Reached XP level 4. HP: 40/40 MP: 3/3
  1360 | D:3      | Reached *** piety under Trog
  1675 | D:4      | Reached skill level 5 in Axes
  1675 | D:4      | Reached XP level 5. HP: 46/47 MP: 4/4
  1714 | D:4      | Found a snail-covered altar of Cheibriados.
  1827 | D:4      | Reached XP level 6. HP: 35/55 MP: 5/5
  2009 | D:4      | Reached skill level 5 in Fighting
  2228 | D:4      | Found a bloodstained altar of Trog.
  2302 | D:4      | Found a glowing silver altar of Zin.
  2389 | D:4      | Noticed Sigmund
  2396 | D:4      | Killed Sigmund
  2396 | D:4      | Reached skill level 5 in Armour
  2396 | D:4      | Reached XP level 7. HP: 61/61 MP: 6/6
  2570 | D:4      | Reached **** piety under Trog
  2570 | D:4      | Reached skill level 6 in Axes
  2570 | D:4      | Reached skill level 5 in Dodging
  2624 | D:5      | Entered Level 5 of the Dungeon
  3283 | D:5      | Reached XP level 8. HP: 57/71 MP: 7/7
  3311 | D:5      | Noticed a dagger
  3312 | D:5      | Noticed a hand axe
  3345 | D:5      | Found a hide-covered altar of Uskayaw.
  3877 | D:6      | Noticed Malvoorn's ghost (novice TeMo)
  3891 | D:6      | Killed Malvoorn's ghost
  3891 | D:6      | Reached skill level 7 in Axes
  3898 | D:6      | Found an opulent altar of Gozag.
  4452 | D:6      | Reached skill level 8 in Axes
  4452 | D:6      | Reached skill level 1 in Bows
  4452 | D:6      | Reached XP level 9. HP: 76/80 MP: 8/8
  4584 | D:6      | Found a staircase to the Ecumenical Temple.
  4839 | D:6      | Noticed Prince Ribbit
  4847 | D:6      | Killed Prince Ribbit
  4903 | D:6      | Found a glowing golden altar of the Shining One.
  4903 | D:6      | Found a deep blue altar of Sif Muna.
  5161 | D:7      | Found a shattered altar of Ashenzari.
  5172 | D:7      | Found a shimmering altar of Xom.
  5386 | D:7      | Noticed Joseph
  5401 | D:7      | Killed Joseph
  5401 | D:7      | Reached skill level 9 in Axes
  6019 | D:7      | Found an opulent altar of Gozag.
  6081 | D:7      | Found an ancient bone altar of Kikubaaqudgha.
  6089 | D:7      | Reached ***** piety under Trog
  6226 | D:7      | Found a runed door.
  6231 | D:7      | Noticed Crazy Yiuf
  6233 | D:7      | Killed Crazy Yiuf
  6286 | D:8      | Noticed a two-headed ogre
  6296 | D:8      | Killed a two-headed ogre
  6296 | D:8      | Reached skill level 5 in Bows
  6296 | D:8      | Reached XP level 10. HP: 82/90 MP: 2/9
  6447 | D:8      | Found a stormy altar of Qazlal.
  6581 | D:8      | Reached skill level 10 in Axes
  6662 | D:8      | Received a gift from Trog
  7045 | D:8      | Got a steaming chain mail
  7056 | D:8      | Identified the +12 chain mail of the Disturbing Ghosts {+Blink rN++ Int+3} (You found it on level 8 of the Dungeon)
  7431 | D:9      | Found a staircase to the Lair.
  7462 | D:9      | Found an ornate altar of the Wu Jian Council.
  7517 | D:9      | Noticed a two-headed ogre
  7528 | D:9      | Killed a two-headed ogre
  7709 | D:9      | Noticed a two-headed ogre
  7721 | D:9      | Killed a two-headed ogre
  7759 | D:9      | Found a blossoming altar of Fedhas.
  7847 | D:9      | Reached skill level 11 in Axes
  7880 | D:9      | Reached XP level 11. HP: 92/97 MP: 10/10
  7884 | D:9      | Received a gift from Trog
  8179 | D:9      | Noticed Pikel
  8191 | D:9      | Killed Pikel
  8378 | D:9      | Noticed Grum
  8384 | D:9      | Noticed Erica
  8385 | D:9      | Killed Grum
  8414 | D:9      | Killed Erica
  8440 | D:9      | Found a sparkling altar of Nemelex Xobeh.
  8536 | D:10     | Entered Level 10 of the Dungeon
  8574 | D:10     | Found Kees's Antique Weapon Shoppe.
  8648 | D:10     | Found Raxkaogg's Gadget Emporium.
  8750 | D:10     | Found Rutiri's Antique Weapon Shop.
  8913 | D:10     | Killed an unseen horror
  8997 | D:10     | Noticed a brown ugly thing
  9005 | D:10     | Killed a brown ugly thing
  9300 | D:10     | Reached skill level 10 in Fighting
  9305 | D:10     | Reached skill level 12 in Axes
  9466 | D:10     | Found a staircase to the Orcish Mines.
  9530 | D:10     | Received a gift from Trog
  9597 | D:10     | Found Reixkie's Distillery.
  9600 | D:10     | Bought a potion of heal wounds for 80 gold pieces
  9699 | D:10     | Noticed Fannar
  9729 | D:10     | Killed Fannar
 10149 | D:10     | Reached skill level 10 in Armour
 10427 | Lair:1   | Entered Level 1 of the Lair of Beasts
 10589 | Lair:1   | Reached XP level 12. HP: 106/106 MP: 11/11
 11027 | Lair:1   | Noticed a seven-headed hydra
 11037 | Lair:1   | Killed a seven-headed hydra
 11130 | Lair:1   | Reached skill level 10 in Dodging
 11244 | Lair:1   | Noticed Gastronok
 11260 | Lair:1   | Killed Gastronok
 11260 | Lair:1   | Reached skill level 13 in Axes
 11260 | Lair:1   | Reached skill level 10 in Bows
 13128 | Lair:2   | Got a pair of shimmering boots
 13164 | Lair:2   | Identified the +2 pair of boots of Parts Unknown {Regen+ Dex+3} (You found it on level 2 of the Lair of Beasts)
 13375 | Lair:1   | Received a gift from Trog
 13597 | Lair:2   | Found a staircase to the Snake Pit.
 13995 | Lair:3   | Reached XP level 13. HP: 106/116 MP: 10/12
 14513 | Lair:3   | Reached skill level 14 in Axes
 14894 | Lair:4   | Noticed an entropy weaver
 14923 | Lair:4   | Received a gift from Trog
 15072 | Lair:3   | Killed an entropy weaver
 15444 | Lair:4   | Noticed an entropy weaver
 15454 | Lair:4   | Killed an entropy weaver
 15745 | Lair:4   | Found a staircase to the Swamp.
 15757 | Lair:4   | Received a gift from Trog
 16450 | Lair:4   | Reached skill level 15 in Axes
 16737 | Lair:5   | Reached ****** piety under Trog
 16766 | Lair:5   | Found a stormy altar of Qazlal.
 16851 | Lair:5   | Found a staircase to the Slime Pits.
 16852 | Lair:5   | Found a viscous altar of Jiyva.
 16913 | Lair:5   | Reached XP level 14. HP: 126/126 MP: 11/13
 17409 | Lair:6   | Entered Level 6 of the Lair of Beasts
 17481 | Lair:6   | Found a glowing silver altar of Zin.
 17504 | Lair:6   | Noticed StylePro's ghost (journeyman DDFi)
 17522 | Lair:6   | Killed StylePro's ghost
 19175 | Orc:1    | Entered Level 1 of the Orcish Mines
 19194 | Orc:2    | Entered Level 2 of the Orcish Mines
 19382 | Orc:2    | Gained mutation: You tend to lose your temper in combat. [a neqoxec]
 19405 | Orc:2    | Found Wupot's Distillery.
 19707 | Orc:2    | Received a gift from Trog
 19754 | Orc:2    | Found a staircase to the Elven Halls.
 19897 | Orc:1    | Received a gift from Trog
 20215 | Orc:1    | Received a gift from Trog
 20230 | Orc:1    | Reached skill level 16 in Axes
 20337 | Orc:1    | You fall through a shaft!
 20585 | Orc:2    | Noticed Jano's ghost (journeyman DsBe)
 20604 | Orc:2    | Killed Jano's ghost
 20688 | Orc:2    | Found Haotuahe's Food Shoppe.
 21297 | Orc:2    | Gained mutation: Armour fits poorly on your strangely shaped body. [a neqoxec]
 21302 | Orc:2    | Gained mutation: Your magical capacity is low. (-10% MP) [a neqoxec]
 21447 | Orc:2    | Paralysed by an orc sorcerer for 6 turns
 21555 | Orc:2    | Paralysed by an orc sorcerer for 3 turns
 21858 | Orc:2    | Reached XP level 15. HP: 116/135 MP: 10/12
 22068 | Orc:2    | Found Qegaasiv's Antique Weapon Boutique.
 22068 | Orc:2    | Found a one-way gate leading to the halls of Pandemonium.
 22068 | Orc:2    | Found Siashe's Book Shop.
 22543 | D:11     | Noticed Josephine
 22568 | D:11     | Killed Josephine
 22684 | D:11     | Noticed Snorg
 22695 | D:11     | Killed Snorg
 22977 | D:11     | Received a gift from Trog
 24952 | D:13     | Received a gift from Trog
 25339 | D:13     | Received a gift from Trog
 25770 | D:14     | Reached skill level 17 in Axes
 25799 | D:14     | Received a gift from Trog
 25827 | D:14     | Found a gate to the Vaults.
 26568 | D:14     | Noticed a sphinx
 26577 | D:14     | Killed a sphinx
 26577 | D:14     | Reached skill level 15 in Bows
 26689 | D:14     | Noticed a frost giant
 26697 | D:14     | Killed a frost giant
 26713 | D:14     | Reached XP level 16. HP: 110/145 MP: 4/13
 26913 | D:14     | Noticed Urug
 26933 | D:14     | Killed Urug
 26933 | D:14     | Received a gift from Trog
 27419 | D:15     | Entered Level 15 of the Dungeon
 27892 | D:15     | Found Ivvoerghai's Distillery.
 27896 | D:15     | Noticed Roxanne
 27916 | D:15     | Noticed Nessos
 27919 | D:15     | Killed Roxanne
 27919 | D:15     | Received a gift from Trog
 27923 | D:15     | Killed Nessos
 27927 | D:15     | Identified Roxanne's Tome of Shape Shifting (You took it off Roxanne on level 15 of the Dungeon)
 28106 | D:15     | Found a staircase to the Depths.
 28560 | Swamp:1  | Entered Level 1 of the Swamp
 28617 | Swamp:1  | Noticed Louise
 28641 | Swamp:1  | Killed Louise
 29101 | Swamp:1  | Reached skill level 18 in Axes
 29326 | Swamp:2  | Noticed Frances
 29336 | Swamp:2  | Gained mutation: Your magical capacity is very low. (-20% MP) [a neqoxec]
 29337 | Swamp:2  | Gained mutation: Your body sometimes deteriorates upon taking damage. [a neqoxec]
 29338 | Swamp:2  | Gained mutation: Your system is resistant to poisons. (rPois) [a neqoxec]
 29343 | Swamp:2  | Killed Frances
 29569 | Swamp:2  | Noticed Donald
 29580 | Swamp:2  | Killed Donald
 29587 | Swamp:2  | Noticed a thorn hunter
 29603 | Swamp:2  | Killed a thorn hunter
 29743 | Swamp:2  | Noticed Jorgrun
 29751 | Swamp:2  | Killed Jorgrun
 30067 | Swamp:2  | Received a gift from Trog
 30314 | Swamp:3  | Received a gift from Trog
 30948 | Swamp:3  | Reached skill level 15 in Armour
 31202 | Swamp:4  | Entered Level 4 of the Swamp
 31281 | Swamp:4  | Reached XP level 17. HP: 154/154 MP: 5/12
 31663 | Swamp:4  | Received a gift from Trog
 31675 | Swamp:4  | Reached skill level 19 in Axes
 32205 | Swamp:4  | Got a decaying rune of Zot
 32572 | Snake:1  | Entered Level 1 of the Snake Pit
 32582 | Snake:1  | Reached skill level 15 in Fighting
 32988 | Snake:1  | Received a gift from Trog
 33288 | Snake:1  | Found Suzin's Antique Weapon Emporium.
 33292 | Snake:1  | Found Nigog's Magic Scroll Emporium.
 33605 | Snake:2  | Received a gift from Trog
 33616 | Snake:2  | Upgraded the game from 0.20-a0-920-gb18bc0f to 0.20-a0-923-g548304e
 34435 | Snake:2  | Got a pair of heavily runed gloves
 34446 | Snake:2  | Identified the +2 pair of gloves "Ekkiajie" {Str+4} (You found it on level 2 of the Snake Pit)
 34594 | Snake:3  | Found Ogief's Gadget Shop.
 34806 | Snake:3  | Noticed Aizul
 34819 | Snake:3  | Killed Aizul
 35428 | Snake:4  | Entered Level 4 of the Snake Pit
 35428 | Snake:4  | Noticed Mara
 35573 | Snake:3  | Reached XP level 18. HP: 163/163 MP: 0/13
 35698 | Snake:4  | Noticed nikopol's illusion
 35832 | Snake:4  | Noticed nikopol's illusion
 35841 | Snake:3  | Received a gift from Trog
 35967 | Snake:4  | Noticed nikopol's illusion
 36116 | Snake:4  | Noticed nikopol's illusion
 36126 | Snake:4  | HP: 8/163 [Mara/bolt of fire (45)]
 36126 | Snake:4  | Slain by Mara (illusionary)

Vault maps used:
D:1:      dpeg_arrival_short_road
D:2:      first_bread
D:4:      lemuel_doored_altar, kennysheep_slug_shrine, kennysheep_little_box,
          uniq_sigmund
D:5:      dancing_weapons_uskayaw
D:6:      gammafunk_temple_overflow_statue, minmay_temple_entry_enclosed_plants,
          grunt_gozag_statues, uniq_prince_ribbit1
D:7:      grunt_temple_overflow_open, kennysheep_vampire_church,
          kennysheep_mini_moat, uniq_crazy_yiuf_cottage, uniq_joseph
D:8:      nicolae_qazlal_general_emergency
D:9:      lemuel_crystal_altar, kennysheep_mini, lemuel_coloured_pillars_altar,
          lair_entry_dummy, grunt_livestock, uniq_grum, uniq_erica, uniq_pikel
D:10:     orc_0_dummy, serial_shops, nicolae_shop_waterfront,
          nicolae_shop_statue_plus, nicolae_shop_window_shopping,
          nicolae_shop_statue_plus, columned_hall_lemuel, hangedman_misty_isle,
          uniq_fannar
D:11:     uniq_snorg, uniq_josephine
D:14:     lemuel_traditional_vault, lightli_vaults_fourway_checkpoint, uniq_urug
D:15:     grunt_enter_depths_snipers, serial_shops, shop, uniq_roxanne,
          uniq_nessos
Lair:1:   uniq_gastronok
Lair:2:   minmay_snake_entry_guardpost_large, minmay_lair_oklob_chamber,
          grunt_megastairs_4
Lair:4:   swamp_mist, zaba_anthell
Lair:5:   slime_altar_1, basic_altar, grunt_megastairs_3,
          infiniplex_staircase_pool
Lair:6:   evilmike_catoblepas_cave, basic_altar, serial_bayou_shore_b,
          lemuel_fruit_fields, serial_bayou_shore_a
Swamp:1:  evilmike_swamp_ruin_rubble_2, uniq_louise
Swamp:2:  hangedman_swamp_ruin_wall, uniq_donald, uniq_jorgrun, uniq_frances
Swamp:3:  evilmike_swamp_ruin_house_3, swamp_pool5
Swamp:4:  swamp, swamp_pool3, kb_tengu_band
Snake:1:  minmay_shop_star
Snake:2:  serial_bayou_pond_b, nrook_guardian_serpent_ordinary
Snake:3:  st_stairs_1, minmay_shop_grid_forest, corexii_hall_statues_deadend,
          lemuel_fruit_tree, basic_stair_grate_trap, serial_bayou_shore_b,
          uniq_aizul
Snake:4:  minmay_snake_end_coiled, st_stairs_6, minmay_snake_pond, uniq_mara,
          uniq_vashnia
Orc:2:    pf_orc_diabolical, roderic_batcave

Skill      XL: |  1  2  3  4  5  6  7  8  9 10 11 12 13 14 15 16 17 |
---------------+----------------------------------------------------+-----
Axes           | 4 5 6 8 9 11 12 13 15 16 17 18 19 | 19.9
Armour         | 3 4 5 7 8 9 10 11 12 13 14 15 | 15.9
Dodging        | 3 4 5 6 8 9 10 11 12 13 14 | 14.4
Fighting       | 4 5 6 7 8 9 10 11 12 13 14 15 | 15.4
Bows           | 1 5 7 9 11 12 13 15 16 17 | 17.3

Action                   |  1- 3 |  4- 6 |  7- 9 | 10-12 | 13-15 | 16-18 || total
-------------------------+-------+-------+-------+-------+-------+-------++-------
Melee: Hand axe          |    83 |   101 |   147 |       |       |       ||   331
       Headbutt          |     8 |    20 |    47 |   109 |   371 |   169 ||   724
       War axe           |       |       |    31 |   454 |   891 |       ||  1376
       Battleaxe         |       |       |       |       |   120 |   472 ||   592
 Fire: Shortbow          |       |       |    90 |   505 |  1026 |   112 ||  1733
       Longbow           |       |       |       |       |       |   526 ||   526
Invok: Berserk           |       |     2 |     3 |     3 |     5 |     3 ||    16
       Burn Spellbooks   |       |       |       |     2 |     5 |     6 ||    13
       Brothers in Arms  |       |       |       |     1 |       |     1 ||     2
  Use: Scroll            |       |       |     1 |    11 |     6 |    17 ||    35
       Potion            |       |       |       |       |       |     2 ||     2
 Stab: Sleeping          |     1 |     1 |       |       |       |       ||     2
       Petrified         |       |       |       |       |     9 |       ||     9
       Petrifying        |       |       |       |       |     2 |       ||     2
  Eat: Chunk             |     1 |     4 |    14 |    27 |    44 |    27 ||   117
       Royal jelly       |       |       |     1 |       |       |     2 ||     3
       Fruit             |       |       |       |       |     2 |     2 ||     4
Armor: Animal skin       |     2 |       |       |       |       |       ||     2
       Leather armour    |    19 |    26 |    42 |     8 |       |       ||    95
       Chain mail        |       |       |       |   392 |   512 |   494 ||  1398
Dodge: Dodged            |    51 |    71 |   143 |   343 |   766 |   804 ||  2178
